[Event "Titled Tuesday Blitz January 31 Early 2023"]
[White "Balint, Vilmos"]
[Black "Veiga, Jose Francisco R P Neves"]
[WhiteFideId "718050"]
[BlackFideId "1930087"]
[WhiteElo "2169"]
[BlackElo "2406"]
[Result "1-0"]
[Round "02"]
[TimeControl "180+2"]
[Date "2023.01.31"]
[WhiteClock "0:01:19"]
[BlackClock "0:01:33"]

1. e4 Nc6 2. d4 d5 3. e5 Bf5 4. g3 h5 5. h3 e6 6. Bg2 g5 7. Nf3 Be7 8. Be3 Be4 9. Nbd2 Bg6 10. a3 Nh6 11. Qe2 Nf5 12. O-O-O Qd7 13. Nxg5 Bxg5 14. Bxg5 Nfxd4 15. Qf1 Bxc2 16. Re1 Bg6 17. Re3 Na5 18. Rc3 Qa4 19. Qd1 Bc2 20. Rxc2 Nxc2 21. Qxc2 Qxc2+ 22. Kxc2 c5 23. Bf6 Rg8 24. Bf3 h4 25. Bxh4 Nc6 26. Bf6 Nd4+ 27. Kd1 Nxf3 28. Nxf3 Kd7 29. h4 Rg4 30. h5 b5 31. h6 a5 32. h7 b4 33. h8=Q Rxh8 34. Rxh8 bxa3 35. bxa3 Ra4 36. Rf8 Rxa3 37. Rxf7+ Kc6 38. Ng5 Ra1+ 39. Ke2 a4 40. Nxe6 a3 41. Rc7+ Kb6 42. Bd8 c4 43. Rxc4+ Kb5 44. Rd4 a2 45. Rxd5+ Kb4 46. Ra5 Kb3 47. f4 Rg1 48. Kf3 a1=Q 49. Rxa1 Rxa1 50. f5 Kc4 51. g4 Kd5 52. Bc7 Rf1+ 53. Kg3 Ke4 54. f6 Rg1+ 55. Kh4 Kf3 56. f7 Rxg4+ 57. Kh5 Rf4 58. Nxf4 1-0


[Site "https://www.chess.com"]

[Event "Titled Tuesday Blitz January 31 Early 2023"]
[White "Priasmoro, Novendra"]
[Black "Ruiz Aguilar, Pablo Alexander"]
[WhiteFideId "7105029"]
[BlackFideId "4401352"]
[WhiteElo "2504"]
[BlackElo "2161"]
[Result "1-0"]
[Round "02"]
[TimeControl "180+2"]
[Date "2023.01.31"]
[WhiteClock "0:02:22"]
[BlackClock "0:01:08"]

1. Nf3 d5 2. g3 c6 3. Bg2 Nf6 4. O-O e6 5. d4 Nbd7 6. c4 Be7 7. Qc2 O-O 8. Bf4 Nh5 9. Bd2 Nhf6 10. Rc1 a5 11. Bf4 Nh5 12. Bd2 Nhf6 13. cxd5 exd5 14. Nc3 Re8 15. Ne5 Nxe5 16. dxe5 Nd7 17. f4 Nb6 18. Rd1 Nc4 19. Kh1 Qb6 20. b3 Nxd2 21. Rxd2 Bb4 22. a3 Bf8 23. e4 dxe4 24. Nxe4 Be6 25. Ng5 g6 26. Nxe6 Rxe6 27. a4 Bb4 28. Rd3 Rd8 29. Rad1 Rxd3 30. Qxd3 Re8 31. Qd7 Rf8 32. e6 fxe6 33. Qxe6+ Kh8 34. Qe5+ Kg8 35. Rd7 Rf7 36. Qe8+ Rf8 37. Qe6+ Kh8 38. Qe5+ 1-0


[Site "https://www.chess.com"]

[Event "Titled Tuesday Blitz January 31 Early 2023"]
[White "rikchessmx"]
[Black "Vestby-Ellingsen, Mads"]
[BlackFideId "1520857"]
[WhiteElo "2329"]
[BlackElo "2387"]
[Result "1-0"]
[Round "02"]
[TimeControl "180+2"]
[Date "2023.01.31"]
[WhiteClock "0:00:40"]
[BlackClock "0:00:03"]

1. e4 c6 2. d4 d5 3. Nc3 dxe4 4. Nxe4 Nf6 5. Ng5 h6 6. N5f3 Bf5 7. Ne5 e6 8. Ngf3 Nbd7 9. Bd3 Bxd3 10. Qxd3 Bd6 11. Nc4 Bc7 12. Bd2 Nb6 13. Nce5 Qd5 14. O-O O-O 15. Rfe1 Rad8 16. c3 c5 17. Be3 cxd4 18. cxd4 Bd6 19. b3 Bxe5 20. Nxe5 Qxe5 21. dxe5 Rxd3 22. exf6 gxf6 23. Bxh6 Rc8 24. Rac1 Rxc1 25. Rxc1 Nd5 26. g3 Rc3 27. Rxc3 Nxc3 28. a4 Ne2+ 29. Kf1 Nd4 30. b4 a6 31. Be3 Nc6 32. Bd2 Kh7 33. Ke2 Kg6 34. Kd3 Ne5+ 35. Ke4 Ng4 36. Be3 f5+ 37. Kd4 Nxh2 38. Kc5 Ng4 39. Kb6 e5 40. Kxb7 f4 41. gxf4 exf4 42. Bxf4 Kf5 43. Bg3 Nf6 44. Kxa6 Nd5 45. b5 Ke6 46. b6 Nb4+ 47. Kb5 Nc2 48. b7 Nd4+ 49. Kb6 1-0


[Site "https://www.chess.com"]

[Event "Titled Tuesday Blitz January 31 Early 2023"]
[White "Moksh Amit Doshi"]
[Black "Hoffmann, Asa"]
[WhiteFideId "25064967"]
[BlackFideId "2001470"]
[WhiteElo "2401"]
[BlackElo "2185"]
[Result "1-0"]
[Round "02"]
[TimeControl "180+2"]
[Date "2023.01.31"]
[WhiteClock "0:01:46"]
[BlackClock "0:01:24"]

1. c4 Nf6 2. g3 c6 3. Bg2 e5 4. Nf3 d6 5. Nc3 Be6 6. b3 Be7 7. Bb2 Nbd7 8. d4 h6 9. O-O e4 10. Nd2 d5 11. e3 a6 12. f3 exf3 13. Bxf3 O-O 14. Bg2 Re8 15. Qe2 Bg4 16. Qd3 Bb4 17. cxd5 cxd5 18. Nxd5 Nxd5 19. Bxd5 Nf6 20. Bxb7 Rb8 21. Bg2 a5 22. Nc4 a4 23. e4 a3 24. Bxa3 Bxa3 25. Nxa3 Qe7 26. Nc4 Nxe4 27. Rae1 f5 28. h3 Bh5 29. Rxf5 Nc5 30. Rxe7 Nxd3 31. Rxe8+ Bxe8 32. Bd5+ Kh7 33. Be4 Bg6 34. Bxd3 Bxf5 35. Bxf5+ Kh8 36. d5 1-0


[Site "https://www.chess.com"]

[Event "Titled Tuesday Blitz January 31 Early 2023"]
[White "Matveeva, Olga"]
[Black "Goldin, Alexander"]
[WhiteFideId "24107018"]
[BlackFideId "2019540"]
[WhiteElo "2128"]
[BlackElo "2542"]
[Result "1-0"]
[Round "02"]
[TimeControl "180+2"]
[Date "2023.01.31"]
[WhiteClock "0:00:53"]
[BlackClock "0:00:28"]

1. d4 d5 2. c4 e6 3. Nf3 Nf6 4. g3 Bb4+ 5. Bd2 Bd6 6. Nc3 c6 7. Bg5 Nbd7 8. e4 dxe4 9. Nxe4 Bb4+ 10. Nc3 Bxc3+ 11. bxc3 Qa5 12. Bd3 h6 13. Bd2 b6 14. O-O Ba6 15. Re1 O-O 16. Ne5 Rac8 17. Qf3 Nxe5 18. Rxe5 Qa3 19. Bxh6 Nh7 20. Bxh7+ Kxh7 21. Bxg7 Rg8 22. Qxf7 1-0


[Site "https://www.chess.com"]

[Event "Titled Tuesday Blitz January 31 Early 2023"]
[White "Ilkhomi, Jaloliddin"]
[Black "Petrova, Irina"]
[WhiteFideId "14700948"]
[BlackFideId "14124122"]
[WhiteElo "1997"]
[BlackElo "2108"]
[Result "1-0"]
[Round "02"]
[TimeControl "180+2"]
[Date "2023.01.31"]
[WhiteClock "0:00:49"]
[BlackClock "0:00:23"]

1. d4 d6 2. Nf3 g6 3. c3 Bg7 4. Bg5 Nd7 5. Nbd2 h6 6. Bh4 Ngf6 7. e4 c5 8. e5 dxe5 9. dxe5 Ng4 10. e6 fxe6 11. Qc2 O-O 12. O-O-O g5 13. Bg3 Qa5 14. Bc4 Nde5 15. Nxe5 Nxe5 16. Bxe5 Bxe5 17. Rhe1 Bg7 18. Qb3 Qb6 19. f3 Qxb3 20. Nxb3 b6 21. Bxe6+ Bxe6 22. Rxe6 Bf6 23. a4 Rfd8 24. a5 Rxd1+ 25. Kxd1 Rb8 26. a6 Rd8+ 27. Kc2 Kf7 28. Rc6 Rd7 29. Nd2 h5 30. Nb1 g4 31. Na3 gxf3 32. gxf3 Bg5 33. Nb5 Bf4 34. h3 h4 35. Rc8 Bg3 36. Ra8 c4 37. Rxa7 Rd5 38. Nd4 Kf6 39. Ra8 Ra5 40. a7 Kf7 41. Nc6 Ra1 42. Rd8 Bf4 43. b3 Ra2+ 44. Kb1 cxb3 45. a8=Q 1-0


[Site "https://www.chess.com"]

[Event "Titled Tuesday Blitz January 31 Early 2023"]
[White "Wilson, Elvin"]
[Black "Toncheva, Nadya"]
[WhiteFideId "2014874"]
[BlackFideId "2924056"]
[WhiteElo "2183"]
[BlackElo "2295"]
[Result "0-1"]
[Round "02"]
[TimeControl "180+2"]
[Date "2023.01.31"]
[WhiteClock "0:01:12"]
[BlackClock "0:02:05"]

1. c4 c5 2. g3 g6 3. Bg2 Nc6 4. Nc3 Bg7 5. e4 e5 6. Nge2 Nge7 7. O-O O-O 8. d3 d6 9. Rb1 Be6 10. a3 Nd4 11. b4 b6 12. Nxd4 cxd4 13. Nd5 h6 14. b5 f5 15. Nxe7+ Qxe7 16. exf5 Bxf5 17. Bxa8 Rxa8 18. g4 Be6 19. Qf3 Rf8 20. Qg2 Qd7 21. h3 d5 22. cxd5 Bxd5 23. Qg3 Rf3 24. Qh2 h5 0-1


[Site "https://www.chess.com"]

[Event "Titled Tuesday Blitz January 31 Early 2023"]
[White "Mendez Fortes, Eduardo Jesus"]
[Black "Kalajzic, Ivan"]
[WhiteFideId "3502376"]
[BlackFideId "14506378"]
[WhiteElo "2250"]
[BlackElo "2062"]
[Result "0-1"]
[Round "02"]
[TimeControl "180+2"]
[Date "2023.01.31"]
[WhiteClock "0:00:44"]
[BlackClock "0:00:41"]

1. e4 Nc6 2. Nf3 d6 3. Bb5 a6 4. Bxc6+ bxc6 5. d4 Nf6 6. Qe2 Nd7 7. c4 c5 8. d5 a5 9. b3 a4 10. Bb2 axb3 11. axb3 Rxa1 12. Bxa1 f6 13. O-O g6 14. Nc3 Bg7 15. Nb5 O-O 16. Nd2 Ne5 17. f4 Nf7 18. Nf3 Bd7 19. e5 Bxb5 20. cxb5 fxe5 21. fxe5 dxe5 22. Rd1 Qd6 23. Qe4 Ra8 24. Bc3 Ra2 25. Qc4 e4 26. b4 Rc2 27. bxc5 Qf4 28. d6 Rxc3 29. Qb4 Qe3+ 30. Kh1 exf3 31. dxe7 fxg2+ 32. Kxg2 Qf3+ 33. Kg1 Qxd1+ 0-1


[Site "https://www.chess.com"]

[Event "Titled Tuesday Blitz January 31 Early 2023"]
[White "ArchibaldCerveza29"]
[Black "Player, Edmund C"]
[BlackFideId "406520"]
[WhiteElo "2529"]
[BlackElo "2204"]
[Result "1-0"]
[Round "02"]
[TimeControl "180+2"]
[Date "2023.01.31"]
[WhiteClock "0:00:36"]
[BlackClock "0:00:01"]

1. e4 e6 2. d4 d5 3. Nd2 h6 4. Ngf3 Nf6 5. Bd3 c5 6. c3 Nc6 7. O-O cxd4 8. cxd4 dxe4 9. Nxe4 Be7 10. a3 O-O 11. Nc3 Nd5 12. Bc2 Qb6 13. Re1 Rd8 14. Qd3 Nf6 15. Be3 e5 16. d5 Qc7 17. Rad1 Bg4 18. Bc1 Nd4 19. Nxd4 Bxd1 20. Rxd1 exd4 21. Qxd4 Bc5 22. Qh4 Qe5 23. Bf4 Qe8 24. Bxh6 gxh6 25. Qxf6 Qf8 26. Rd3 Bd6 27. Rd4 1-0


[Site "https://www.chess.com"]

[Event "Titled Tuesday Blitz January 31 Early 2023"]
[White "Pavlidou, Ekaterini"]
[Black "Defend, Balint"]
[WhiteFideId "4213262"]
[BlackFideId "17004853"]
[WhiteElo "2088"]
[BlackElo "1673"]
[Result "0-1"]
[Round "02"]
[TimeControl "180+2"]
[Date "2023.01.31"]
[WhiteClock "0:01:23"]
[BlackClock "0:01:54"]

1. d4 Nf6 2. c4 e6 3. Nc3 Bb4 4. Qb3 c5 5. e3 Ne4 6. Nf3 Qa5 7. Bd2 Nxd2 8. Nxd2 Bxc3 9. bxc3 Qc7 10. d5 d6 11. e4 e5 12. Be2 O-O 13. Nf1 g6 14. g4 f5 15. gxf5 gxf5 16. Rg1+ Kh8 17. exf5 Bxf5 18. Ne3 Bg6 19. h4 Nd7 20. h5 Be4 21. h6 Bg6 22. Qd1 Nf6 23. Bf3 Qf7 24. Qe2 Rg8 25. Rg3 Raf8 26. O-O-O Nh5 27. Bxh5 Bxh5 28. Rxg8+ Rxg8 29. Qb2 Bxd1 30. Nxd1 b6 31. Qd2 Qf4 32. Ne3 Rg6 33. a4 Rxh6 34. Kb2 Rh2 0-1


[Site "https://www.chess.com"]

[Event "Titled Tuesday Blitz January 31 Early 2023"]
[White "Bernat, David"]
[Black "Colas, Joshua"]
[WhiteFideId "2099225"]
[BlackFideId "2044447"]
[WhiteElo "1862"]
[BlackElo "2342"]
[Result "0-1"]
[Round "02"]
[TimeControl "180+2"]
[Date "2023.01.31"]
[WhiteClock "0:00:13"]
[BlackClock "0:00:21"]

1. c4 e5 2. Nc3 Nc6 3. g3 g6 4. Bg2 Bg7 5. d3 d6 6. e4 f5 7. Nge2 Nf6 8. O-O O-O 9. exf5 Bxf5 10. d4 Kh8 11. h3 exd4 12. Nxd4 Nxd4 13. Qxd4 Ne4 14. Qe3 Nxc3 15. bxc3 b6 16. g4 Bd7 17. Qg5 Qxg5 18. Bxg5 Rae8 19. Rac1 Re2 20. Rfe1 Rfxf2 21. Rxe2 Rxe2 22. Bd8 c5 23. Bc7 Be5 24. Bb8 Rxa2 25. Rd1 Bxc3 26. Rxd6 Bd4+ 27. Kf1 Rf2+ 28. Ke1 Rxg2 29. Rxd7 Rc2 30. Bxa7 Rxc4 31. Bxb6 Rc3 32. Rxd4 Rxh3 33. Bxc5 h5 34. g5 Rg3 35. Be7 Re3+ 36. Kf2 Rxe7 37. Rd6 Kg7 38. Kg3 Re4 39. Rd7+ Kf8 40. Rd5 Rg4+ 41. Kf3 Kf7 42. Ra5 Rg1 43. Kf4 Rf1+ 44. Kg3 Rf5 45. Ra7+ Kg8 46. Ra8+ Kg7 47. Ra7+ Kf8 48. Ra8+ Ke7 49. Ra7+ Kd8 50. Kh4 Rf4+ 51. Kh3 Rg4 52. Ra5 Kd7 53. Ra7+ Ke6 54. Ra5 Re4 55. Ra1 Kf5 56. Rg1 Rf4 57. Rg2 Rg4 58. Rxg4 hxg4+ 59. Kh4 g3 60. Kxg3 Kxg5 61. Kf3 Kh4 62. Kg2 Kg4 63. Kf2 Kh3 0-1


[Site "https://www.chess.com"]

[Event "Titled Tuesday Blitz January 31 Early 2023"]
[White "Parpiev, Isaak"]
[Black "Orujov, Elshad"]
[WhiteFideId "34281576"]
[BlackFideId "13403540"]
[WhiteElo "2167"]
[BlackElo "2304"]
[Result "1-0"]
[Round "02"]
[TimeControl "180+2"]
[Date "2023.01.31"]
[WhiteClock "0:00:49"]
[BlackClock "0:00:02"]

1. Nf3 Nf6 2. g3 d5 3. Bg2 c5 4. O-O Nc6 5. d3 e5 6. Nbd2 Be7 7. e4 O-O 8. c3 d4 9. c4 h6 10. Ne1 Be6 11. h3 Nd7 12. f4 f5 13. exf5 Bxf5 14. Ne4 Qc7 15. g4 Bxe4 16. Bxe4 exf4 17. Ng2 Bd6 18. Nh4 f3 19. Bd5+ Kh7 20. Be4+ Kg8 21. Rxf3 Rxf3 22. Qxf3 Nf6 23. Bxh6 Ne5 24. Bd5+ Kh8 25. Qf5 Nxd5 26. cxd5 gxh6 27. Qf6+ Kg8 28. Qe6+ Kg7 29. Nf5+ Kh8 30. Qxh6+ Kg8 31. Qe6+ Kh8 32. Nxd6 Rf8 33. Qxe5+ Kg8 34. Qg5+ 1-0


[Site "https://www.chess.com"]

[Event "Titled Tuesday Blitz January 31 Early 2023"]
[White "Goldin, Roman"]
[Black "Taichman, Ori"]
[WhiteFideId "2803860"]
[BlackFideId "2804069"]
[WhiteElo "2322"]
[BlackElo "2299"]
[Result "1-0"]
[Round "02"]
[TimeControl "180+2"]
[Date "2023.01.31"]
[WhiteClock "0:00:03"]
[BlackClock "0:00:02"]

1. d4 Nf6 2. Nf3 g6 3. g3 Bg7 4. Bg2 O-O 5. O-O d6 6. Nc3 d5 7. Bf4 Ne4 8. Nxe4 dxe4 9. Ne5 f6 10. Nc4 f5 11. Be5 Be6 12. Bxg7 Kxg7 13. Ne5 Nd7 14. Nxd7 Qxd7 15. c3 a5 16. Qc1 a4 17. f3 Bd5 18. fxe4 Bxe4 19. Bxe4 fxe4 20. Qe3 a3 21. b3 Qc6 22. c4 Rf6 23. d5 Qb6 24. c5 Qb4 25. Rfd1 Raf8 26. Rac1 b5 27. Rd4 Qa5 28. Rxe4 R8f7 29. Rxe7 Rxe7 30. Qxe7+ Rf7 31. Qe5+ Kh6 32. Qd4 Qa8 33. Rf1 Rxf1+ 34. Kxf1 Qc8 35. Qf4+ Kg7 36. Qe5+ Kh6 37. Kg2 b4 38. c6 Qa6 39. h4 Qb5 40. Qf4+ Kg7 41. Qxc7+ Kh6 42. Qe5 Qc5 43. c7 Qc2 44. Qe3+ Kg7 45. Qe7+ Kh6 46. Qg5+ Kg7 47. Qe5+ Kh6 48. Kh3 Qc5 49. Qf4+ Kg7 50. d6 Qc6 51. Qe5+ Kh6 52. Kh2 Qc2 53. Kh3 Qc6 54. Qe6 Qh1+ 55. Kg4 Qc1 56. c8=Q Qc7 57. Qf8+ 1-0


[Site "https://www.chess.com"]

[Event "Titled Tuesday Blitz January 31 Early 2023"]
[White "Bethke, Richard"]
[Black "Schut, Han"]
[WhiteFideId "12959243"]
[BlackFideId "1005561"]
[WhiteElo "2382"]
[BlackElo "2101"]
[Result "1-0"]
[Round "02"]
[TimeControl "180+2"]
[Date "2023.01.31"]
[WhiteClock "0:00:03"]
[BlackClock "0:00:02"]

1. e4 c5 2. Nf3 d6 3. d4 cxd4 4. Nxd4 Nf6 5. Nc3 a6 6. Be3 e5 7. Nf3 Qc7 8. a4 Be7 9. a5 Be6 10. Nd5 Nxd5 11. exd5 Bg4 12. Be2 h6 13. O-O f5 14. Bb6 Qc8 15. c4 Nd7 16. Nd2 Bxe2 17. Qxe2 O-O 18. b4 Bf6 19. Rac1 e4 20. c5 dxc5 21. bxc5 Ne5 22. Nc4 Nd3 23. Rcd1 Qd7 24. Nd6 Be5 25. Rxd3 Bxd6 26. Rdd1 Bc7 27. c6 Qd6 28. Bxc7 Qxc7 29. Qc4 bxc6 30. d6+ Qf7 31. Qxc6 Qe6 32. Qb6 f4 33. Rfe1 f3 34. gxf3 Qg6+ 35. Kh1 Qh5 36. Qb3+ Kh8 37. d7 exf3 38. Rg1 Rad8 39. Qc3 Qf7 40. Qd4 Kh7 41. Rg3 g5 42. Qe4+ Qg6 43. Qe7+ Qf7 44. Qd6 Qf6 45. Qc5 Qf7 46. Rh3 Rxd7 47. Qc2+ Qg6 48. Rxd7+ Kg8 49. Qxg6+ 1-0


[Site "https://www.chess.com"]

[Event "Titled Tuesday Blitz January 31 Early 2023"]
[White "Onslow, Alfie"]
[Black "Gurevich, Dmitry"]
[WhiteFideId "436976"]
[BlackFideId "2000407"]
[WhiteElo "2157"]
[BlackElo "2393"]
[Result "0-1"]
[Round "02"]
[TimeControl "180+2"]
[Date "2023.01.31"]
[WhiteClock "0:00:03"]
[BlackClock "0:01:14"]

1. e4 c5 2. Nc3 g6 3. d4 cxd4 4. Qxd4 Nf6 5. Nf3 Nc6 6. Qa4 d6 7. Bb5 Bd7 8. O-O a6 9. Bxc6 Bxc6 10. Qd4 Bg7 11. e5 Bxf3 12. gxf3 Nd7 13. f4 dxe5 14. fxe5 Nxe5 15. Qe4 O-O 16. Be3 e6 17. Rad1 Qc8 18. Bd4 Qc6 19. f4 Qxe4 20. Nxe4 Nc4 21. Nf6+ Bxf6 22. Bxf6 Ne3 23. Rfe1 Nxd1 24. Rxd1 Rac8 25. c3 Rc7 26. Rd4 h6 27. Kf2 Kh7 28. Kf3 Rfc8 29. Ke3 b5 30. Be5 Rb7 31. Rd6 a5 32. Bf6 g5 33. fxg5 Kg6 34. h4 h5 35. Rd4 b4 36. Be5 Rb5 37. Re4 Kf5 38. cxb4 Rxe5 0-1


[Site "https://www.chess.com"]

[Event "Titled Tuesday Blitz January 31 Early 2023"]
[White "Mejia, Cherry Ann"]
[Black "Manukyan, Artyom"]
[WhiteFideId "5206880"]
[BlackFideId "13305786"]
[WhiteElo "1935"]
[BlackElo "2110"]
[Result "1-0"]
[Round "02"]
[TimeControl "180+2"]
[Date "2023.01.31"]
[WhiteClock "0:00:12"]
[BlackClock "0:00:06"]

1. e4 c5 2. Nc3 d6 3. g3 Nc6 4. Bg2 g6 5. d3 Bg7 6. Be3 e5 7. Qd2 Nge7 8. Bh6 O-O 9. h4 Bxh6 10. Qxh6 f6 11. Qd2 Be6 12. h5 g5 13. f4 h6 14. Nf3 Rc8 15. O-O-O g4 16. Nh4 Kg7 17. Rdf1 Nd4 18. f5 Bf7 19. Ng6 b5 20. Rh4 Bxg6 21. Rxg4 b4 22. Nd5 Kf7 23. Nxe7 Kxe7 24. Rxg6 Rf7 25. Rxh6 Qa5 26. Kb1 c4 27. dxc4 Rxc4 28. Rc1 Qb6 29. Bf1 Rc5 30. Bd3 a5 31. Rg6 a4 32. h6 b3 33. Rg7 bxa2+ 34. Kxa2 Nb3 35. cxb3 axb3+ 36. Kb1 Qa7 37. Rxc5 Qxc5 38. h7 Qg1+ 39. Qc1 Qh2 40. Rxf7+ Kxf7 41. Bc4+ Kg7 42. Bxb3 Kxh7 43. Qc7+ Kh6 44. Qxd6 Kg5 45. Qd1 Qxg3 46. Qc1+ Kh4 47. Bd5 Qd3+ 48. Qc2 Qf1+ 49. Ka2 Qa6+ 50. Kb3 Kg5 51. Qg2+ Kf4 52. Qf2+ Kg5 53. Qg3+ Kh6 54. Qg6# 1-0


[Site "https://www.chess.com"]

[Event "Titled Tuesday Blitz January 31 Early 2023"]
[White "Abdilkhair, Abilmansur"]
[Black "Cella, Glaucio Dalla Cortt"]
[WhiteFideId "13716417"]
[BlackFideId "2119455"]
[WhiteElo "2268"]
[BlackElo "1894"]
[Result "0-1"]
[Round "02"]
[TimeControl "180+2"]
[Date "2023.01.31"]
[WhiteClock "0:01:26"]
[BlackClock "0:01:47"]

1. d4 Nf6 2. c4 e5 3. dxe5 Ng4 4. Bf4 Nc6 5. Nf3 Bb4+ 6. Nc3 Bxc3+ 7. bxc3 Qe7 8. Qd5 f6 9. exf6 Nxf6 10. Qe4 Qxe4 11. Bd2 Qxc4 12. e3 Qf7 13. Be2 Ne4 14. O-O Nxd2 15. Nxd2 d6 16. Bb5 a6 17. Ba4 b5 18. Bb3 Be6 19. e4 Na5 20. f4 Bc4 21. Nxc4 Nxb3 22. Ne5 dxe5 23. axb3 Qxb3 24. Rad1 O-O 0-1


[Site "https://www.chess.com"]

[Event "Titled Tuesday Blitz January 31 Early 2023"]
[White "Pace, Christopher"]
[Black "Lehtosaari, Mauri"]
[WhiteFideId "2610167"]
[BlackFideId "501999"]
[WhiteElo "2053"]
[BlackElo "2176"]
[Result "0-1"]
[Round "02"]
[TimeControl "180+2"]
[Date "2023.01.31"]
[WhiteClock "0:00:22"]
[BlackClock "0:01:05"]

1. d4 d5 2. c4 c6 3. Nc3 Nf6 4. Nf3 dxc4 5. a4 Bf5 6. Ne5 Nbd7 7. Nxc4 Nb6 8. Ne5 a5 9. f3 Nfd7 10. Nxd7 Nxd7 11. e4 Bg6 12. Be3 e5 13. d5 Bc5 14. dxc6 bxc6 15. Bxc5 Nxc5 16. Qxd8+ Rxd8 17. Be2 Nb3 18. Rd1 Nd4 19. Kf2 Rb8 20. Rd2 f6 21. Bc4 Bf7 22. Bxf7+ Kxf7 23. Ne2 c5 24. Nxd4 cxd4 25. Rc1 Rhc8 26. Rdc2 Rxb2 27. Rxb2 Rxc1 28. Rb5 Rc2+ 29. Kf1 Ra2 30. Rxa5 Kg6 31. Ra7 h5 32. a5 h4 33. h3 Kh6 34. a6 g6 35. Ra8 Kg5 36. a7 Kf4 37. Rf8 Rxa7 38. Rxf6+ Ke3 39. Kg1 Ra1+ 40. Kh2 d3 41. Rxg6 d2 42. Rd6 d1=Q 43. Rxd1 Rxd1 0-1


[Site "https://www.chess.com"]

[Event "Titled Tuesday Blitz January 31 Early 2023"]
[White "Koridze, Lile"]
[Black "Martin Carmona, Gaston Manuel"]
[WhiteFideId "13612514"]
[BlackFideId "22284567"]
[WhiteElo "2191"]
[BlackElo "2333"]
[Result "0-1"]
[Round "02"]
[TimeControl "180+2"]
[Date "2023.01.31"]
[WhiteClock "0:01:41"]
[BlackClock "0:01:03"]

1. d4 Nf6 2. c4 g6 3. Nc3 Bg7 4. e4 d6 5. Nf3 O-O 6. Be2 e5 7. O-O exd4 8. Nxd4 Re8 9. f3 c6 10. Bg5 Qb6 11. Be3 Qxb2 12. Qd3 Qa3 13. Rfb1 Qa5 14. Nc2 Qc7 15. Bf4 Bf8 16. Rd1 Be6 17. Bxd6 Bxd6 18. Qxd6 Qxd6 19. Rxd6 Na6 20. Rb1 Nc5 21. Rdd1 Rad8 22. Nd4 Bc8 23. Nb3 Nfd7 24. Kf2 b6 25. Nd4 Bb7 26. Rd2 Kf8 27. Rbd1 Ke7 28. Nb3 a5 29. a4 Nxb3 30. Rb2 Ndc5 31. Rdb1 Kd6 32. Rxb3 Nxb3 33. Rxb3 Kc5 34. Rb1 Ba6 35. Nd1 Rd2 36. Ke3 Red8 37. Nf2 Rxe2+ 38. Kxe2 Bxc4+ 39. Ke3 b5 40. axb5 cxb5 41. Ng4 a4 42. Ne5 a3 43. Nxf7 Bxf7 0-1


[Site "https://www.chess.com"]

[Event "Titled Tuesday Blitz January 31 Early 2023"]
[White "Ozates, Tuna"]
[Black "Szente Varga, Fruzsina"]
[WhiteFideId "6354521"]
[BlackFideId "712264"]
[WhiteElo "2251"]
[BlackElo "2075"]
[Result "1-0"]
[Round "02"]
[TimeControl "180+2"]
[Date "2023.01.31"]
[WhiteClock "0:00:10"]
[BlackClock "0:00:06"]

1. d4 Nf6 2. c4 g6 3. Nc3 Bg7 4. e4 d6 5. f3 O-O 6. Be3 c5 7. Nge2 cxd4 8. Nxd4 Nc6 9. Be2 Nxd4 10. Bxd4 Be6 11. O-O a6 12. Nd5 Nxd5 13. cxd5 Bxd4+ 14. Qxd4 Bd7 15. h4 h5 16. g4 Kh7 17. Rf2 Rc8 18. gxh5 gxh5 19. e5 Rg8+ 20. Kh1 Bf5 21. Bd3 Qd7 22. Re1 dxe5 23. Rxe5 e6 24. Qf4 Rg6 25. Bxf5 exf5 26. Rxf5 Rc1+ 27. Kh2 Kg7 28. Rxh5 Rcg1 29. Rg5 R1xg5 30. hxg5 Qxd5 31. Rg2 Qe6 32. Qd4+ Kg8 33. f4 Qd6 34. Qxd6 Rxd6 35. Kg3 Kg7 36. Kg4 Rd4 37. Rc2 Rb4 38. b3 a5 39. Rc7 a4 40. bxa4 Rxa4 41. Rxb7 Rxa2 42. f5 Ra4+ 43. Kf3 Rc4 44. g6 Kh6 45. Rxf7 Ra4 46. Rh7+ Kg5 47. g7 Ra3+ 48. Ke4 Ra8 49. Rh8 Ra4+ 50. Kd3 Ra3+ 51. Kc2 Kxf5 52. g8=Q Ra6 53. Rh5+ Kf4 54. Qg5+ Kf3 55. Rh3+ Ke4 56. Re3+ Kd4 57. Qe5+ Kc4 58. Re4# 1-0


[Site "https://www.chess.com"]

[Event "Titled Tuesday Blitz January 31 Early 2023"]
[White "Dylag, Emilia"]
[Black "Tomaszewski, Kacper"]
[WhiteFideId "21805172"]
[BlackFideId "1127373"]
[WhiteElo "2095"]
[BlackElo "2313"]
[Result "1-0"]
[Round "02"]
[TimeControl "180+2"]
[Date "2023.01.31"]
[WhiteClock "0:00:07"]
[BlackClock "0:00:04"]

1. d4 d6 2. Nf3 Nf6 3. c4 Bf5 4. Nc3 e6 5. g3 c6 6. Bg2 h6 7. O-O Nbd7 8. Re1 Ne4 9. Nh4 Nxc3 10. bxc3 Bh7 11. e4 Qa5 12. Qb3 Nb6 13. d5 e5 14. dxc6 bxc6 15. Be3 c5 16. f4 Qa4 17. fxe5 dxe5 18. Rad1 Qxc4 19. Qc2 Be7 20. Bf1 Qe6 21. Bb5+ Kf8 22. Nf5 Bxf5 23. exf5 Qf6 24. Qe4 Kg8 25. a4 Rb8 26. a5 Na8 27. c4 Kh7 28. Rd7 a6 29. Bc6 Rhc8 30. Bxa8 Rxa8 31. Rxe7 Rd8 32. Rb7 Rd6 33. Rb5 Rad8 34. Rb6 Rxb6 35. axb6 Qxb6 36. f6+ g6 37. Qh4 h5 38. Qg5 Kg8 39. Rf1 Rd6 40. Qxe5 Re6 41. Qxc5 Qxc5 42. Bxc5 Rc6 43. Be7 Rxc4 44. Ra1 Rc6 45. Ra2 Kh7 46. Kg2 Kh6 47. h4 g5 48. hxg5+ Kxg5 49. Ra3 Kg4 50. Ra4+ Kg5 51. Kf3 Rc3+ 52. Kf2 Rc6 53. Rd4 Rc2+ 54. Kf3 Rc3+ 55. Kg2 Rc2+ 56. Kh3 Rc3 57. Bd8 Kg6 58. Ra4 Rc6 59. Be7 Re6 60. Kh4 Rc6 61. Rd4 Re6 62. Rd6 Re4+ 63. Kh3 a5 64. Ra6 a4 65. Ra8 Kf5 66. Ra5+ Kg6 67. Ra8 Kf5 68. Rh8 Kg6 69. Rg8+ Kf5 70. Rg7 Ke6 71. Rh7 Re5 72. Kh4 a3 73. Bxa3 Re4+ 74. Kh3 Kxf6 75. Rxh5 Kg6 76. Rh4 Re3 77. Bc1 Rc3 78. Bf4 Rb3 79. Rg4+ Kf5 80. Rg8 Ke4 81. Rd8 Kf3 82. Rf8 Rb1 83. Kh4 Rb7 84. Kh5 Ke4 85. Kh6 Kf5 86. Kg7 Ke6 87. Kh6 Kf5 88. Kh5 Kf6 89. Bg5+ Kg7 90. Rc8 Rb5 91. Kg4 Rb4+ 92. Bf4 Rb5 93. Rc7 Kg6 94. Kf3 Rb3+ 95. Kg4 Rb5 96. Kh3 Rb3 97. Rc6+ Kg7 98. Rc5 Kg6 99. Rc7 Kg7 100. Rc5 Kg6 101. Kg4 Rb4 102. Rc6+ 1-0


[Site "https://www.chess.com"]

[Event "Titled Tuesday Blitz January 31 Early 2023"]
[White "Lakshmi C"]
[Black "Martic, Ivan"]
[WhiteFideId "25035347"]
[BlackFideId "929301"]
[WhiteElo "1928"]
[BlackElo "2301"]
[Result "0-1"]
[Round "02"]
[TimeControl "180+2"]
[Date "2023.01.31"]
[WhiteClock "0:00:01"]
[BlackClock "0:01:37"]

1. e4 d6 2. d4 Nf6 3. Bd3 e5 4. c3 d5 5. dxe5 Nxe4 6. Bxe4 dxe4 7. Qxd8+ Kxd8 8. Nd2 Bf5 9. Ne2 e3 10. fxe3 Nc6 11. e4 Bg6 12. e6 fxe6 13. Nf4 Bf7 14. Nf3 Be7 15. Be3 Kc8 16. O-O-O Rd8 17. b4 a6 18. Rhf1 b6 19. Nd4 Nxd4 20. Bxd4 Bf8 21. Nd3 Bg6 22. Rde1 Kb7 23. Ne5 Bxb4 24. Nxg6 Rxd4 25. cxd4 Bxe1 26. Ne7 Re8 27. Rxe1 Rxe7 28. Kc2 Rf7 29. Re2 Kc6 30. Kd3 Kd6 31. Kc4 c6 32. Kd3 a5 33. Kc4 b5+ 34. Kd3 c5 35. dxc5+ Kxc5 36. Rc2+ Kd6 37. Kd4 e5+ 38. Kd3 Rc7 39. Rb2 b4 40. Ke3 Rc3+ 41. Ke2 Ra3 42. Rd2+ Ke6 43. Kd1 h5 0-1


[Site "https://www.chess.com"]